 Dungeon Crawl Stone Soup version 0.20.1-1-g8b1a95d (webtiles) character file.

11091 nightbobicus the Fighter (level 11, -7/111 HPs)
             Began as a Minotaur Berserker on Aug 9, 2017.
             Was a High Priest of Trog.
             Mangled by a death yak (17 damage)
             ... on level 1 of the Lair of Beasts.
             The game lasted 00:35:19 (9324 turns).

nightbobicus the Fighter (Minotaur Berserker)       Turns: 9324, Time: 00:35:27

Health: -7/111     AC: 20    Str: 23    XL:     11   Next: 44%
Magic:  10/10      EV:  8    Int:  4    God:    Trog [*****.]
Gold:   623        SH:  6    Dex: 12    Spells: 10/10 levels left

rFire    . . .     SeeInvis .   A - +4 hand axe (freeze)
rCold    . . .     Gourm    .   (no shield)
rNeg     . . .     Faith    .   C - +0 plate armour
rPois    .         Spirit   .   (helmet restricted)
rElec    .         Reflect  +   (no cloak)
rCorr    .         Harm     .   L - +0 pair of gloves
MR       .....                  J - +0 pair of boots
Stlth    ..........             M - +2 amulet of reflection
Regen    0.3/turn               o - +2 ring of protection
MPRegen  0.2/turn               (no ring)

@: about to teleport
A: retaliatory headbutt, horns 2, large bone plates 1
a: Berserk, Trog's Hand, Brothers in Arms, Burn Spellbooks, Renounce Religion


You were on level 1 of the Lair of Beasts.
You worshipped Trog.
Trog was extremely pleased with you.
You were not hungry.

You visited 2 branches of the dungeon, and saw 12 of its levels.

You collected 623 gold pieces.

Inventory:

Hand Weapons
 r - a +0 war axe
 A - a +4 hand axe of freezing (weapon)
Armour
 C - a +0 plate armour (worn)
 J - a +0 pair of boots (worn)
 L - a +0 pair of gloves (worn)
Jewellery
 d - an uncursed ring of positive energy
 o - a +2 ring of protection (left hand)
 M - a +2 amulet of reflection (around neck)
Wands
 f - a wand of polymorph (2/24)
 h - a wand of iceblast (6/15)
 k - a wand of polymorph (13/24)
 n - a wand of polymorph (19/24)
 w - a wand of polymorph (14/24)
 Q - a wand of polymorph (10/24)
Scrolls
 a - 2 scrolls of identify
 e - 2 scrolls of fog
 j - a scroll of noise {unknown}
 p - 3 scrolls of recharging
 q - a scroll of enchant armour
 t - 5 scrolls of teleportation
 y - a scroll of blinking
 z - 4 scrolls of remove curse
 E - a scroll of magic mapping
Potions
 b - 2 potions of lignification {unknown}
 g - 4 potions of flight
 i - 5 potions of might
 l - a potion of berserk rage {unknown}
 s - 2 potions of magic
 v - 6 potions of curing
 F - 2 potions of brilliance {unknown}
 H - 3 potions of heal wounds {unknown}
 K - a potion of ambrosia {unknown}
 O - a potion of haste {unknown}
 R - a potion of cancellation {unknown}
Miscellaneous
 B - a sack of spiders
Comestibles
 c - 6 bread rations
 m - 5 royal jellies
 u - 3 fruits
 x - 8 meat rations


   Skills:
 + Level 14.4 Fighting
 * Level 11.2 Axes
 - Level 1.4 Throwing
 + Level 11.8 Armour
 - Level 2.3 Dodging


You had 10 spell levels left.
You didn't know any spells.

Dungeon Overview and Level Annotations

Branches:
Dungeon (10/15)            Temple (0/1) D:7            Lair (2/6) D:10
    Orc (0/2) D:10
  Swamp: Lair:2-4    Shoals: Lair:2-4     Snake: Lair:2-4    Spider: Lair:2-4

Altars:
Ashenzari
Cheibriados
Dithmenos
Elyvilon
Makhleb
Nemelex Xobeh
Okawaru
Qazlal
Ru
Sif Muna
Uskayaw

Shops:
D:6 [


Innate Abilities, Weirdness & Mutations

You reflexively headbutt those who attack you in melee.
You have a pair of horns on your head.
You are partially covered in large bone plates. (SH +4)


Message History

The komodo dragon is no longer moving slowly.
The death yak barely misses you.
You climb upwards.
There is a stone staircase leading down here.
Unknown command.
Unknown command.
You hit the komodo dragon. You freeze the komodo dragon.
You headbutt the komodo dragon.
The komodo dragon is moderately wounded.
You hit the yak but do no damage. You hit the death yak but do no damage.
The komodo dragon barely misses you. You furiously retaliate!
You headbutt the komodo dragon! The death yak gores you!
Okay, then.
As you read the scroll of teleportation, it crumbles to dust.
You feel strangely unstable. The yak gores you.
* * * LOW HITPOINT WARNING * * *
The komodo dragon bites you!!
* * * LOW HITPOINT WARNING * * *
The death yak gores you!
You die...

###..#..........#
##.## #
#.##...........#
###.#.#
#####.........P#
##....## ##..#....###
##.....# ###..P###
##......## ##..##
###........# ##..###
#.........###
##...###...........#
###.Y@l...........##
#...Y............##
##
#.##..........##..##
.#
##..###.......#####..
.### #..## ####....#
##. .#.## ###.##
#.##### ## ..#.#
#.#.# ### # ...##
##.###### ### ...##
#....##.###.#


You could see a death yak, a komodo dragon and a yak.

Vanquished Creatures
  Erolcha (D:9)
  A two-headed ogre (D:9)
  The ghost of Gobbopathe the Skirmisher, a novice FoAK of Lugonu (D:5)
  Psyche (D:9)
  A hornet (D:9)
  5 hippogriffs
  13 yaks
  Sigmund (D:5)
  A basilisk (D:10)
  A wyvern (D:10)
  2 hungry ghosts
  Edmund (D:6)
  2 orc warriors
  4 sky beasts
  2 ice beasts
  4 black bears
  An eye of draining (D:9)
  A phantom (D:9)
  A necrophage (D:9)
  4 ogres
  A wolf (D:10)
  3 centaurs
  4 crocodiles
  A gnoll sergeant (D:6)
  6 bullfrogs
  4 scorpions
  9 killer bees
  4 wights (D:8)
  A howler monkey (D:9)
  A jelly (D:9)
  A crimson imp (D:5)
  A quasit (D:9)
  4 hounds
  8 orc priests
  3 bullfrog skeletons
  A centaur skeleton (D:9)
  Jessica (D:2)
  4 iguanas
  6 orc wizards
  2 worker ants
  A hound skeleton (D:7)
  A hound zombie (D:8)
  A howler monkey zombie (D:5)
  A worker ant zombie (D:10)
  11 adders
  17 gnolls
  A shadow imp (D:6)
  2 oozes
  3 adder skeletons
  4 worms
  2 dart slugs
  10 leopard geckos
  27 orcs
  2 ball pythons
  7 bats
  7 giant cockroaches
  9 goblins
  11 hobgoblins
  12 jackals
  2 quokkas
  10 frilled lizards
  A jackal skeleton (D:4)
  15 kobolds
  2 quokka zombies
  9 rats
  2 plants
283 creatures vanquished.

Vanquished Creatures (collateral kills)
  Sonja (Lair:1)
  A bullfrog (D:7)
2 creatures vanquished.

Vanquished Creatures (others)
  A bush (D:10)
  9 plants (D:10)
10 creatures vanquished.

Grand Total: 295 creatures vanquished

Notes
Turn   | Place    | Note
-------+----------+-------------------------------------------
     0 | D:1      | nightbobicus the Minotaur Berserker began the quest for the Orb.
     0 | D:1      | Reached XP level 1. HP: 19/19 MP: 0/0
   244 | D:1      | Reached XP level 2. HP: 27/27 MP: 1/1
   676 | D:1      | Reached XP level 3. HP: 28/33 MP: 2/2
  1085 | D:1      | Reached ** piety under Trog
  1159 | D:2      | Reached skill level 4 in Fighting
  1364 | D:2      | Reached XP level 4. HP: 40/40 MP: 3/3
  1378 | D:2      | Reached skill level 5 in Axes
  1484 | D:2      | Found a burning altar of Makhleb.
  1486 | D:2      | Noticed Jessica
  1502 | D:2      | Killed Jessica
  1781 | D:2      | Reached XP level 5. HP: 11/47 MP: 4/4
  2210 | D:3      | Reached *** piety under Trog
  2336 | D:3      | Reached skill level 1 in Throwing
  2340 | D:3      | Reached skill level 5 in Fighting
  2340 | D:3      | Reached XP level 6. HP: 43/56 MP: 5/5
  2732 | D:4      | Found an iron altar of Okawaru.
  3408 | D:4      | Gained mutation: You are weak. (Str -2) [potion of mutation]
  3408 | D:4      | Lost mutation: You are weak. (Str -2) [potion of mutation]
  3408 | D:4      | Gained mutation: You are partially covered in large bone plates. (SH +4) [potion of mutation]
  3595 | D:5      | Entered Level 5 of the Dungeon
  3690 | D:5      | Reached **** piety under Trog
  3727 | D:5      | Noticed Gobbopathe's ghost (novice FoAK)
  3743 | D:5      | Killed Gobbopathe's ghost
  3743 | D:5      | Reached skill level 5 in Armour
  3743 | D:5      | Reached XP level 7. HP: 52/62 MP: 6/6
  3923 | D:5      | Noticed a hippogriff
  3934 | D:5      | Killed a hippogriff
  3934 | D:5      | Reached skill level 6 in Fighting
  3979 | D:5      | Noticed Sigmund
  4001 | D:5      | Killed Sigmund
  4001 | D:5      | Reached XP level 8. HP: 61/71 MP: 7/7
  4046 | D:5      | Found a deep blue altar of Sif Muna.
  4262 | D:6      | Noticed Edmund
  4273 | D:6      | Killed Edmund
  4359 | D:6      | Reached skill level 7 in Fighting
  4424 | D:6      | Found a white marble altar of Elyvilon.
  4634 | D:6      | Reached skill level 8 in Fighting
  4678 | D:6      | Found Amaickut's Armour Shop.
  4744 | D:6      | Found a sacrificial altar of Ru.
  4764 | D:6      | Reached XP level 9. HP: 67/82 MP: 8/8
  4971 | D:7      | Reached skill level 9 in Fighting
  5160 | D:7      | Found a shadowy altar of Dithmenos.
  5162 | D:7      | Found a snail-covered altar of Cheibriados.
  5226 | D:7      | Found a staircase to the Ecumenical Temple.
  5246 | D:7      | Reached skill level 10 in Fighting
  5400 | D:7      | Noticed a hand axe
  5401 | D:7      | Noticed a hand axe
  5401 | D:7      | Found a hide-covered altar of Uskayaw.
  5820 | D:8      | Reached ***** piety under Trog
  5860 | D:8      | Reached skill level 11 in Fighting
  6164 | D:8      | Found a sparkling altar of Nemelex Xobeh.
  6205 | D:8      | Found a stormy altar of Qazlal.
  6462 | D:9      | Reached XP level 10. HP: 94/97 MP: 4/9
  6477 | D:9      | Paralysed by a hornet for 2 turns
  6481 | D:9      | Reached skill level 12 in Fighting
  6727 | D:9      | Found a shattered altar of Ashenzari.
  6759 | D:9      | Noticed Psyche
  6765 | D:9      | Killed Psyche
  6765 | D:9      | Reached skill level 10 in Armour
  7052 | D:9      | Noticed Erolcha
  7065 | D:9      | Killed Erolcha
  7065 | D:9      | Reached skill level 13 in Fighting
  7200 | D:10     | Entered Level 10 of the Dungeon
  7200 | D:10     | Noticed a two-headed ogre
  7210 | D:9      | Killed a two-headed ogre
  7428 | D:10     | Found a staircase to the Orcish Mines.
  7631 | D:10     | Reached skill level 14 in Fighting
  7687 | D:10     | Reached XP level 11. HP: 108/110 MP: 10/10
  7792 | D:10     | Found a staircase to the Lair.
  7805 | D:10     | Reached skill level 10 in Axes
  8103 | Lair:1   | Entered Level 1 of the Lair of Beasts
  8427 | Lair:1   | Noticed Sonja
  8434 | Lair:1   | Killed Sonja
  9308 | Lair:2   | Noticed a death yak
  9312 | Lair:2   | Noticed a death yak
  9315 | Lair:2   | Noticed a death yak
  9318 | Lair:2   | Noticed a death yak
  9319 | Lair:2   | Noticed a death yak
  9324 | Lair:1   | Mangled by a death yak

Skill      XL: |  1  2  3  4  5  6  7  8  9 10 11 |
---------------+----------------------------------+-----
Axes           | 4 5 6 7 8 9 11 | 11.2
Armour         | 3 4 5 6 7 9 11 | 11.8
Fighting       | 4 5 6 8 11 14 | 14.4
Throwing       | 1 |  1.4
Dodging        | |  2.3

Action                   |  1- 3 |  4- 6 |  7- 9 | 10-12 || total
-------------------------+-------+-------+-------+-------++-------
Melee: Hand axe          |    81 |    94 |    54 |   218 ||   447
       Headbutt          |     8 |    27 |    53 |    56 ||   144
       War axe           |       |    65 |   192 |       ||   257
Throw: Throwing net      |       |       |     1 |       ||     1
Invok: Berserk           |       |     5 |     4 |     1 ||    10
       Trog's Hand       |       |     3 |     2 |     1 ||     6
       Burn Spellbooks   |       |       |     2 |     3 ||     5
       Brothers in Arms  |       |       |       |     1 ||     1
Evoke: Wand              |       |       |     3 |       ||     3
  Use: Scroll            |     4 |    14 |     4 |    10 ||    32
       Potion            |       |     1 |     1 |     1 ||     3
  Eat: Chunk             |     1 |    12 |     5 |     4 ||    22
       Bread ration      |       |       |     2 |     1 ||     3
       Royal jelly       |       |       |     2 |       ||     2
       Fruit             |       |       |       |     6 ||     6
Armor: Animal skin       |    13 |       |       |       ||    13
       Chain mail        |    13 |   117 |    33 |       ||   163
       Plate armour      |       |       |   108 |   110 ||   218
Dodge: Dodged            |    62 |    82 |    80 |    74 ||   298
Block: Other             |       |     4 |    45 |    40 ||    89
